 Dungeon Crawl Stone Soup version 0.21.0-30-g47ce8e4cbb (webtiles) character file.

1558 Gargoyl the Chopper (level 8, -6/68 HPs)
             Began as a Centaur Abyssal Knight on Jan 29, 2018.
             Was a Priest of Lugonu.
             Mangled by an ice beast (11 damage)
             ... on level 5 of the Dungeon.
             The game lasted 00:11:07 (6259 turns).

Gargoyl the Chopper (Centaur Abyssal Knight)        Turns: 6259, Time: 00:11:08

Health: -6/68      AC: 17    Str: 16    XL:     8   Next: 58%
Magic:  11/11      EV:  3    Int: 11    God:    Lugonu [***...]
Gold:   163        SH:  0    Dex: 10    Spells: 7/7 levels left

rFire    . . .     SeeInvis .   f - +1 war axe
rCold    . . .     Gourm    .   (no shield)
rNeg     . . .     Faith    .   h - +0 chain mail
rPois    .         Spirit   .   (no helmet)
rElec    .         Reflect  .   d - +2 cloak
rCorr    .         Harm     .   (no gloves)
MR       .....                  o - +0 centaur barding
Stlth    ..........             (no amulet)
HPRegen  0.21/turn              (no ring)
MPRegen  0.12/turn              (no ring)

@: confused, very quick
A: large, hooves 3, deformed body, speed 2, tough skin 3
a: Depart the Abyss, Bend Space, Banish, Renounce Religion


You were on level 5 of the Dungeon.
You worshipped Lugonu.
Lugonu was most pleased with you.
You were not hungry.

You visited 1 branch of the dungeon, and saw 7 of its levels.
You visited the Abyss 1 time.

You collected 253 gold pieces.
You spent 90 gold pieces at shops.

Inventory:

Hand Weapons
 a - a +2 hand axe
 f - a +1 war axe (weapon)
Armour
 d - a +2 cloak (worn)
 h - a +0 chain mail (worn)
 o - a +0 centaur barding (worn)
Jewellery
 l - an uncursed ring of fire
Wands
 b - a wand of iceblast (3)
Scrolls
 m - a scroll of remove curse
 q - a scroll of identify
 s - 3 scrolls of teleportation
Potions
 g - 5 potions of might {unknown}
 i - 2 potions of magic {unknown}
 j - a potion of curing
 k - a potion of resistance {unknown}
 n - 3 potions of cancellation {unknown}
 p - 2 potions of agility {unknown}
 r - 2 potions of brilliance {unknown}
Comestibles
 c - 12 rations


   Skills:
 + Level 5.0 Fighting
 + Level 5.3 Axes
 * Level 5.3 Armour
 + Level 1.8 Dodging
 * Level 4.8 Invocations
 + Level 0.1 Evocations


You had 7 spell levels left.
You didn't know any spells.

Dungeon Overview and Level Annotations

Branches:
Dungeon (7/15)             Temple (0/1) D:4

Altars:
Ashenzari
Kikubaaqudgha
Nemelex Xobeh
Okawaru
Uskayaw
Xom
Zin

Shops:
D:4 ?


Innate Abilities, Weirdness & Mutations

You have hooves in place of feet.
Armour fits poorly on your strangely shaped body.
You cover ground very quickly.
You have extremely tough skin. (AC +3)


Message History

* * * LOW HITPOINT WARNING * * *
Unknown command.
You slash the killer bee zombie!
You destroy the killer bee zombie!
Lugonu accepts your kill.
Your chain mail prevents you from hitting the sky beast.
You hit the ice beast but do no damage.
The ice beast hits you but does no damage.
The sky beast hits you but does no damage.
The ice beast barely misses you.
You feel better. The sky beast hits you.
* * * LOW HITPOINT WARNING * * *
The sky beast shocks you.
* * * LOW HITPOINT WARNING * * *
The ice beast barely misses you.
You are confused.
You feel invigorated. The sky beast barely misses you. The ice beast hits you.
* * * LOW HITPOINT WARNING * * *
The ice beast freezes you!
You die...

########..#≈≈
###.....................###
............#........#.....
..............######.......
....(............# ##.#####
..............##.####....##
.....................#...#.
......)..Y......#.##.#...#.
........).@Y.......#...###.
.
........†........#.........
.
.........(>......##.....##.
.
.............##..#......##.
..
......#....(##.......#####.
..
##....................####.
..
##.##.......(..........##.
..
#...................#....
..
..##..#######.......#####


You could see an ice beast and a sky beast.

Vanquished Creatures
  Eustachio (D:4)
  Menkaure (D:4)
  Duvessa (D:5)
  An ice beast (D:5)
  2 ogres (D:5)
  A centaur (D:7)
  A bullfrog (D:7)
  Dowan (D:5)
  A scorpion (D:4)
  3 howler monkeys
  A hound (D:7)
  A quasit (D:7)
  A centaur skeleton (D:7)
  2 iguanas
  Natasha (thrice) (D:4)
  4 worker ants (D:4)
  A killer bee zombie (D:5)
  8 adders
  3 gnolls (D:2)
  3 river rats (D:5)
  A shadow imp (D:5)
  2 oozes
  An adder zombie (D:6)
  A worm (D:2)
  2 dart slugs
  8 leopard geckos
  3 orcs (D:3)
  12 bats
  5 giant cockroaches
  8 goblins
  5 hobgoblins
  12 jackals
  5 kobolds
  3 quokkas
  2 ball pythons (D:5)
  2 frilled lizards
  A quokka skeleton (D:4)
  12 rats
125 creatures vanquished.

Notes
Turn   | Place    | Note
-------+----------+-------------------------------------------
     0 | Abyss:1  | Gargoyl the Centaur Abyssal Knight began the quest for the Orb.
     0 | Abyss:1  | Reached XP level 1. HP: 19/19 MP: 2/2
    15 | Abyss:1  | Found a corrupted altar of Lugonu.
    88 | Abyss:1  | Noticed a ynoxinul
    89 | D:1      | Escaped the Abyss
   329 | D:1      | Reached * piety under Lugonu
   329 | D:1      | Reached XP level 2. HP: 26/26 MP: 3/3
  1045 | D:2      | Reached XP level 3. HP: 16/31 MP: 4/4
  1274 | D:2      | Found a sparkling altar of Nemelex Xobeh.
  1532 | D:3      | Reached skill level 1 in Dodging
  1929 | D:2      | Reached XP level 4. HP: 38/39 MP: 5/5
  2002 | D:2      | Reached ** piety under Lugonu
  2884 | D:3      | Reached XP level 5. HP: 42/46 MP: 7/7
  3287 | D:4      | Found a staircase to the Ecumenical Temple.
  3325 | D:4      | You fall through a shaft for 3 floors!
  3326 | D:7      | Found an iron altar of Okawaru.
  3344 | D:7      | Found an ancient bone altar of Kikubaaqudgha.
  3353 | D:7      | Found a shattered altar of Ashenzari.
  3503 | D:7      | Noticed a centaur
  3544 | D:7      | Reached XP level 6. HP: 35/52 MP: 8/8
  3873 | D:5      | Entered Level 5 of the Dungeon
  3873 | D:5      | Noticed an ice beast
  3877 | D:5      | Reached XP level 7. HP: 26/59 MP: 9/9
  4068 | D:6      | Found a shimmering altar of Xom.
  4070 | D:6      | Noticed an angel
  4072 | D:6      | Found a glowing silver altar of Zin.
  4403 | D:5      | Reached *** piety under Lugonu
  4440 | D:5      | Noticed a hand axe
  4440 | D:5      | Noticed a dagger
  4443 | D:5      | Found a hide-covered altar of Uskayaw.
  4480 | D:5      | Noticed a two-headed ogre
  4775 | D:4      | Noticed Natasha
  4992 | D:4      | Killed Natasha
  5108 | D:4      | Noticed Natasha
  5114 | D:4      | Killed Natasha
  5369 | D:4      | Found Vuanun's Magic Scroll Shoppe.
  5372 | D:4      | Bought a scroll of teleportation for 30 gold pieces
  5372 | D:4      | Bought a scroll of teleportation for 30 gold pieces
  5372 | D:4      | Bought a scroll of teleportation for 30 gold pieces
  5394 | D:4      | Reached XP level 8. HP: 59/67 MP: 11/11
  5473 | D:4      | Noticed Menkaure
  5481 | D:4      | Killed Menkaure
  5766 | D:4      | Noticed Eustachio
  5784 | D:4      | Killed Eustachio
  5784 | D:4      | Reached skill level 5 in Axes
  5784 | D:4      | Reached skill level 5 in Armour
  5866 | D:4      | Noticed Natasha
  5870 | D:4      | Killed Natasha
  6226 | D:5      | Noticed Duvessa
  6227 | D:5      | Noticed Dowan
  6241 | D:5      | Killed Duvessa
  6242 | D:5      | Killed Dowan
  6242 | D:5      | Reached skill level 5 in Fighting
  6256 | D:5      | HP: 1/68 [killer bee zombie (4)]
  6259 | D:5      | Mangled by an ice beast

Skill      XL: |  1  2  3  4  5  6  7  8 |
---------------+-------------------------+-----
Axes           | 2 3 4 5 |  5.3
Armour         | 2 3 4 5 |  5.3
Dodging        | 1 |  1.8
Invocations    | 3 4 |  4.8
Fighting       | 4 5 |  5.0
Evocations     | |  0.1

Action                   |  1- 3 |  4- 6 |  7- 9 || total
-------------------------+-------+-------+-------++-------
Melee: Hand axe          |   107 |   173 |   145 ||   425
       Kick              |    17 |    26 |    44 ||    87
       War axe           |       |       |    35 ||    35
Invok: Depart the Abyss  |     1 |       |       ||     1
       Bend Space        |       |       |     1 ||     1
Evoke: Wand              |       |     1 |     2 ||     3
  Use: Scroll            |     3 |     2 |     2 ||     7
       Potion            |       |     1 |     3 ||     4
  Eat: Chunk             |     2 |     6 |     7 ||    15
Armor: Leather armour    |    70 |       |       ||    70
       Chain mail        |    12 |   242 |   210 ||   464
Dodge: Dodged            |    69 |    62 |    57 ||   188
